 Dungeon Crawl Stone Soup version 0.28-a0-422-gd71735cc25 (webtiles) character file.

Game seed: 15261629346710339333

199313 freelancePsychic the Fighter (level 18, -19/144 HPs)
             Began as a Gnoll Wanderer on Sept 8, 2021.
             Was the Champion of Cheibriados.
             Demolished by a goliath frog (22 damage)
             ... on level 1 of the Swamp.
             The game lasted 00:59:28 (34343 turns).

freelancePsychic the Fighter (Gnoll Wanderer)      Turns: 34343, Time: 00:59:29

Health: -19/144    AC: 12    Str: 30    XL:     18   Next: 47%
Magic:  5/43       EV: 19    Int: 47    God:    Cheibriados [******]
Gold:   552        SH: 14    Dex: 21    Spells: 19/41 levels left

rFire   + . .      SeeInvis .   Y - +8 demon trident "Rift" {distort, reach+}
rCold   + + .      Faith    .   i - +0 kite shield of Niluvaf {Contam rPois Will+ Int+3}
rNeg    . . .      Spirit   .   O - +2 scale mail of the Cockatrice {Int+4}
rPois   +          Reflect  .   w - +1 hat
rElec   .          Harm     +   e - scarf {rC+ rF+}
rCorr   .          Rampage  .   M - +0 pair of gloves "Aceprorch" {+Blink MP+9}
Will    ++...                   y - +1 pair of boots of Uwnarghen {Harm Regen+ Int+6 Dex-3}
Stlth   ++++......              (no amulet)
HPRegen 1.34/turn               l - ring of protection from cold
MPRegen 0.28/turn               B - +4 ring of protection

@: about to teleport, corroded, studying Fighting, very slow
A: fangs 1, strong nose, distributed training
}: 1/15 runes: serpentine
a: Renounce Religion, Evoke Blink, Bend Time, Temporal Distortion, Slouch, Step
From Time


You were on level 1 of the Swamp.
You worshipped Cheibriados.
Cheibriados was exalted by your worship.
You visited 6 branches of the dungeon, and saw 29 of its levels.
You also visited: Sewer and Bailey.

You collected 3533 gold pieces.
You spent 2981 gold pieces at shops.

Inventory:

Hand Weapons
 a - the +9 fustibalus of Satyriasis {flame, Dex+3}
   (You acquired it in the Ecumenical Temple)

   Any ammunition fired from it burns those it strikes, dealing additional fire
   damage.
   Dex:       It affects your dexterity (+3).
 b - a +0 spectral morningstar
 Y - the +8 demon trident "Rift" (weapon) {distort, reach+}
   (You bought it in a shop on level 1 of the Snake Pit)

   It warps and distorts space around it, and may blink, banish, or inflict
   extra damage upon those it strikes.
   Unwielding it can cause banishment or high damage.
   It can reach especially far, and its reaching attacks ignore other creatures
   in the way.
Missiles
 p - 23 javelins (quivered)
 A - 7 curare-tipped darts
 E - 596 stones
 G - 46 sling bullets
 I - 6 throwing nets
Armour
 e - a scarf of resistance (worn)
 i - the +0 kite shield of Niluvaf (worn) {Contam rPois Will+ Int+3}
   (You found it on level 1 of the Lair of Beasts)

   Int:       It affects your intelligence (+3).
   rPois:     It protects you from poison.
   Contam:    It causes magical contamination when unequipped.
   Will:      It increases your willpower.
 w - a +1 hat (worn)
 y - the +1 pair of boots of Uwnarghen (worn) {Harm Regen+ Int+6 Dex-3}
   (You acquired it in a bailey)

   Int:       It affects your intelligence (+6).
   Dex:       It affects your dexterity (-3).
   Regen:     It increases your rate of health regeneration.
   Harm:      It increases damage dealt and taken.
 M - the +0 pair of gloves "Aceprorch" (worn) {+Blink MP+9}
   (You bought it in a shop on level 2 of the Orcish Mines)

   MP:        It affects your magic capacity (+9).
   +Blink:    It lets you blink.
 O - the +2 scale mail of the Cockatrice (worn) {Int+4}
   (You bought it in a shop on level 2 of the Orcish Mines)

   Int:       It affects your intelligence (+4).
Jewellery
 l - a ring of protection from cold (left hand)
 B - a +4 ring of protection (right hand)
 W - a ring of protection from cold
Wands
 q - a wand of mindburst (19)
 t - a wand of paralysis (21)
 u - a wand of acid (8)
 P - a wand of iceblast (15)
 X - a wand of flame (48)
Scrolls
 c - 11 scrolls of teleportation {@r4}
 g - 6 scrolls of blinking
 m - 2 scrolls of immolation
 n - 3 scrolls of enchant armour
 o - a scroll of torment
 r - 3 scrolls of fear
 s - a scroll of holy word
 x - 3 scrolls of noise
 N - 2 scrolls of magic mapping
 Q - a scroll of enchant weapon
 R - 3 scrolls of amnesia
 S - 5 scrolls of identify {@r1}
 T - a scroll of summoning
 V - a scroll of silence
 Z - 2 scrolls of fog
Potions
 d - a potion of flight
 f - 2 potions of invisibility
 h - 5 potions of might
 j - 6 potions of mutation
 k - 4 potions of brilliance
 v - 3 potions of degeneration
 z - 5 potions of resistance
 C - 2 potions of magic
 D - 4 potions of heal wounds {@q2}
 F - 6 potions of curing {@q1}
 H - 2 potions of lignification
 J - a potion of berserk rage {unknown}
 K - 7 potions of haste {unknown}
 L - 3 potions of ambrosia {unknown}
 U - 2 potions of attraction {unknown}


   Skills:
 + Level 13.6 Fighting
 + Level 12.2 Short Blades
 + Level 12.2 Long Blades
 + Level 12.2 Axes
 + Level 12.2 Maces & Flails
 + Level 12.2 Polearms
 + Level 12.2 Staves
 + Level 12.2 Slings
 + Level 12.2 Bows
 + Level 12.2 Crossbows
 + Level 12.4 Throwing
 + Level 13.5 Armour
 + Level 12.4 Dodging
 + Level 12.4 Stealth
 + Level 12.2 Shields
 + Level 12.2 Unarmed Combat
 + Level 12.2 Spellcasting
 + Level 10.4 Conjurations
 + Level 10.4 Hexes
 + Level 10.4 Summonings
 + Level 10.4 Necromancy
 + Level 10.4 Translocations
 + Level 10.4 Transmutations
 + Level 10.4 Fire Magic
 + Level 10.4 Ice Magic
 + Level 10.4 Air Magic
 + Level 10.4 Earth Magic
 + Level 10.4 Poison Magic
 + Level 13.1 Invocations
 + Level 12.4 Evocations


You had 19 spell levels left.
You knew the following spells:

 Your Spells              Type           Power      Damage    Failure   Level
a - Portal Projectile     Hex/Tloc       100%       N/A       1%          3
b - Dispel Undead         Necr           91%        3d29      1%          4
c - Summon Ice Beast      Ice/Summ       91%        N/A       1%          4
d - Summon Cactus Giant   Summ           45%        N/A       4%          6
e - Manifold Assault      Tloc           91%        N/A       1%          5

Your spell library contained the following spells:

 Spells                   Type           Power      Damage    Failure   Level
 Magic Dart               Conj           100%       1d8       1%          1
 Blink                    Tloc           N/A        N/A       1%          2
 Call Imp                 Summ           91%        N/A       1%          2
 Poisonous Vapours        Pois/Air       100%       N/A       1%          2
 Static Discharge         Conj/Air       91%        N/A       1%          2
 Sublimation of Blood     Necr           45%        N/A       1%          2
 Wereblood                Tmut           91%        N/A       1%          2
 Call Canine Familiar     Summ           91%        N/A       1%          3
 Frozen Ramparts          Ice            100%       1d12      1%          3
 Gell's Gravitas          Tloc           45%        N/A       1%          3
 Lesser Beckoning         Tloc           91%        N/A       1%          3
 Mephitic Cloud           Conj/Pois/Air  91%        N/A       1%          3
 Stone Arrow              Conj/Erth      100%       3d13      1%          3
 Teleport Other           Tloc           91%        N/A       1%          3
 Animate Armour           Summ/Erth      100%       N/A       1%          4
 Cause Fear               Hex            45%        N/A       1%          4
 Fulminant Prism          Conj/Hex       45%        3d21      1%          4
 Ice Form                 Ice/Tmut       91%        N/A       1%          4
 Iskenderun's Mystic Bla  Conj/Tloc      91%        2d18      1%          4
 Leda's Liquefaction      Hex/Erth       45%        N/A       1%          4
 Olgreb's Toxic Radiance  Pois           91%        N/A       1%          4
 Sticky Flame             Conj/Fire      91%        2d10      1%          4
 Alistair's Intoxication  Tmut/Pois      60%        N/A       1%          5
 Borgnjor's Vile Clutch   Necr/Erth      45%        N/A       1%          5
 Lee's Rapid Deconstruct  Erth           45%        3d23*     1%          5
 Summon Forest            Summ/Tloc      45%        N/A       1%          5
 Summon Mana Viper        Hex/Summ       91%        N/A       1%          5
 Dispersal                Tloc           45%        N/A       4%          6
 Eringya's Noxious Bog    Tmut/Pois      45%        N/A       4%          6
 Dragon Form              Tmut           45%        N/A       24%         7
 Monstrous Menagerie      Summ           45%        N/A       24%         7
 Summon Hydra             Summ           45%        N/A       24%         7
 Lehudib's Crystal Spear  Conj/Erth      45%        10d11     88%         8
 Dragon's Call            Summ           45%        N/A       100%        9


Dungeon Overview and Level Annotations

Branches:
Dungeon (15/15)            Temple (1/1) D:6            Lair (6/6) D:9
  Swamp (1/4) Lair:4        Snake (4/4) Lair:4        Slime (0/5) Lair:5
    Orc (2/2) D:12            Elf (0/3) Orc:2        Vaults (0/5) D:13
 Depths (0/5) D:15          Sewer (visited)          Bailey (visited)

Altars:
Ashenzari
Cheibriados
Dithmenos
Elyvilon
Fedhas
Gozag
Hepliaklqana
Kikubaaqudgha
Makhleb
Nemelex Xobeh
Okawaru
Qazlal
Ru
Sif Muna
Trog
Uskayaw
Vehumet
Wu Jian
Xom
Yredelemnul
Zin
The Shining One

Shops:
D:10 ![[!   Orc:2 ==:([?   Snake:1 (   Snake:2 *

Portals:
Trove: D:10 (give +7 demon whip)

Annotations:
D:4 2 transporters
D:6 2 transporters, yellowboar's ghost, novice DECj
Lair:4 1 runed translucent door, Lesmeliq's ghost, journeyman HuWn
Snake:2 1 runed translucent door, Spaninq's ghost, journeyman HOMo
Abyss:1 Asterion


Innate Abilities, Weirdness & Mutations

You have very sharp teeth.
Your uncanny sense of smell can sniff out nearby items.
Your experience applies equally to all skills.


Message History

The acid corrodes you!
You are splashed with acid.
The eleionoma touches a tree and draws upon its vitality.
The eleionoma is healed.
You block the alligator's attack. x2
Casting: Manifold Assault (mildly dangerous; 1% risk of failure)
Confirm with . or Enter, or press ? or * to list all spells.
Space momentarily warps into an impossible shape!
You closely miss the alligator. You closely miss the goliath frog.
You puncture the goliath frog! You impale the eleionoma!!
Space warps horribly around the eleionoma!
The goliath frog blinks!
The goliath frog barely misses you. The alligator misses you.
You block the alligator's attack.
The eleionoma hurls a spray of splinters at you.
The spray of wooden splinters hits you!!!
* * * LOW HITPOINT WARNING * * *
Okay, then.
As you read the scroll of fear, it crumbles to dust.
You assume a fearsome visage.
The eleionoma resists with almost no effort.
The goliath frog looks frightened!
The goliath frog resists with some effort.
The eleionoma looks frightened!
The thorn hunter is unaffected.
The alligator looks frightened!
The eleionoma yells at you, "GO AWAY!"
The eleionoma flows through the trees.
You block the goliath frog's attack.
The eleionoma hits you but does no damage.
The thorn hunter gestures.
Thorny briars emerge from the ground!
A tyrant leech comes into view.
Unknown command.
Okay, then.
As you read the scroll of teleportation {@r4}, it crumbles to dust.
You feel strangely unstable. The goliath frog hits you from afar!
* * * LOW HITPOINT WARNING * * *
The acid corrodes you!
You are splashed with acid!
* * * LOW HITPOINT WARNING * * *
The eleionoma hits you!
* * * LOW HITPOINT WARNING * * *
The goliath frog hits you from afar!!
You die... ♣ ♣♣♣≈≈...♣♣.♣∆ .♣..♣♣ ♣♣. ♣ ♣♣.♣...♣.. ..♣♣♣♣ ♣♣ ♣ ♣♣.≈)♣♣.. ?.♣ ♣ ♣♣§..♣♣P♣♣♣P♣ ♣...♣♣PPPPP♣ . ♣♣≈†.♣♣..R♣ PP≈

♣≈.≈.♣...♣♣tPP.
♣♣§≈.≈R≈...≈PP.
♣...≈..@≈F≈≈PP.
♣♣..≈.≈.....PP.
♣≈...≈.≈≈≈≈P..
.....♣♣.≈.....≈
≈.≈...≈.≈.≈≈....w
...♣.f.≈?≈≈.≈..§.
♣..≈..≈..≈.......
♣...≈§≈≈.≈....≈..


You could see a thorn hunter, 2 eleionomae, an alligator (swift, fleeing), a
tyrant leech (wandering) and a goliath frog.

Vanquished Creatures
  Frances (Snake:1)
  3 nagarajas (Snake:4)
  A fire giant (D:15)
  Snorg (D:12)
  Josephine (D:12)
  A vault guard (D:13)
  3 salamander tyrants (Snake:4)
  Harold (Lair:1)
  6 naga warriors
  12 anacondas
  A boulder beetle (Lair:6)
  6 catoblepae
  12 hydras
  A spriggan air mage (Swamp:1)
  A centaur warrior (D:13)
  Erica (Lair:2)
  A two-headed ogre (D:13)
  3 alligators
  An alligator snapping turtle (Snake:1)
  6 death yaks
  Urug (D:12)
  17 naga sharpshooters
  4 orc high priests (Orc:2)
  10 shock serpents
  A spriggan berserker (Swamp:1)
  Nergalle (Lair:3)
  Sonja (Lair:6)
  2 skeletal warriors (D:15)
  A salamander mystic (Snake:4)
  4 sea snakes
  2 goliath frogs
  3 naga ritualists (Snake:3)
  A bog body (Swamp:1)
  2 wizards
  6 orc knights
  4 orc sorcerers (Orc:2)
  4 deep elf pyromancers
  7 mana vipers
  2 cyclopes (D:13)
  A necromancer (D:13)
  2 oklob plants
  5 salamanders
  3 manticores
  19 ugly things
  A will-o-the-wisp (Lair:4)
  An elephant (Lair:6)
  8 guardian serpents
  28 black mambas
  19 naga magi
  2 gargoyles (D:11)
  An unseen horror (D:13)
  4 yaktaurs (D:15)
  Maggie (D:7)
  3 rime drakes
  7 cane toads
  2 kobold demonologists
  14 komodo dragons
  An efreet (D:14)
  3 meliai (D:14)
  13 trolls
  Grinder (D:5)
  2 hornets (Swamp:1)
  Prince Ribbit (D:5)
  3 slime creatures (D:13)
  12 dream sheep
  21 blink frogs
  A snapping turtle (Snake:1)
  2 vampires
  4 wraiths (D:12)
  2 spriggans (Swamp:1)
  78 yaks
  2 shadows
  5 wyverns
  6 basilisks
  20 humans (D:13)
  Grum (D:8)
  A steam dragon (D:7)
  2 swamp worms (Swamp:1)
  Menkaure (D:7)
  23 nagas
  4 acid dragons
  6 vampire mosquitoes
  3 wargs (Orc:2)
  15 water moccasins
  An ice beast (D:7)
  5 black bears
  27 orc warriors
  2 necrophages
  17 wolves
  11 ogres
  8 centaurs
  14 bullfrogs
  7 earth elementals (D:13)
  A gnoll sergeant (Orc:1)
  2 scorpions
  2 wyvern skeletons
  15 killer bees
  A water moccasin skeleton (D:5)
  4 wights (D:7)
  3 electric eels
  5 howler monkeys
  2 vampire bats (Orc:1)
  2 bullfrog zombies
  3 centaur zombies
  A hound (D:5)
  13 jellies (Lair:5)
  16 orc priests
  A bullfrog skeleton (D:5)
  A gnoll shaman (D:6)
  Jessica (D:3)
  An iguana (D:4)
  Terence (D:3)
  23 orc wizards
  12 hell rats
  A hound skeleton (D:4)
  A howler monkey zombie (D:7)
  5 gnolls (D:6)
  7 adders
  9 river rats
  A white imp (D:6)
  An ufetubus (D:4)
  3 adder skeletons (D:4)
  2 worms (D:2)
  5 dart slugs
  72 orcs
  13 ball pythons
  9 endoplasms
  A giant cockroach (D:5)
  3 goblins
  10 hobgoblins
  13 jackals
  4 quokkas
  12 bats
  17 frilled lizards
  12 kobolds
  20 rats
913 creatures vanquished.

Vanquished Creatures (collateral kills)
  Aizul (Snake:1)
  3 naga warriors
  A boulder beetle (D:14)
  A hydra (Snake:1)
  A centaur warrior (D:15)
  3 alligators (Snake:1)
  2 tengu warriors (D:14)
  A sea snake (Snake:1)
  A goliath frog (Snake:1)
  2 skeletal warriors (D:15)
  A wizard (D:13)
  2 ugly things
  A black mamba (Snake:1)
  A naga mage (Snake:2)
  2 snapping turtles (Snake:1)
  A human (D:13)
  4 nagas
  An acid dragon (D:13)
  A centaur (D:15)
  An orc priest (D:12)
  4 orcs (D:12)
35 creatures vanquished.

Vanquished Creatures (others)
  6 foxfires (Lair:4)
  76 fungi
  118 plants
200 creatures vanquished.

Grand Total: 1148 creatures vanquished

Notes
Turn   | Place    | Note
-------+----------+-------------------------------------------
     0 | D:1      | freelancePsychic the Gnoll Wanderer began the quest for the
                  | Orb.
     0 | D:1      | freelancePsychic set off with the following items: a +2
                  | dagger, a curare-tipped dart, a scroll of teleportation
                  | {@r4}, a potion of curing {@q1}, a +0 robe
     0 | D:1      | Reached XP level 1. HP: 23/23 MP: 1/1
   297 | D:1      | Reached XP level 2. HP: 19/29 MP: 2/2
   304 | D:1      | Found a faded altar of an unknown god.
  1002 | D:1      | Reached XP level 3. HP: 35/35 MP: 3/3
  1267 | D:2      | Reached skill level 1 in Invocations
  1477 | D:2      | Reached skill level 1 in Short Blades
  1477 | D:2      | Reached skill level 1 in Long Blades
  1477 | D:2      | Reached skill level 1 in Axes
  1477 | D:2      | Reached skill level 1 in Maces & Flails
  1477 | D:2      | Reached skill level 1 in Polearms
  1477 | D:2      | Reached skill level 1 in Staves
  1477 | D:2      | Reached skill level 1 in Slings
  1477 | D:2      | Reached skill level 1 in Bows
  1477 | D:2      | Reached skill level 1 in Crossbows
  1477 | D:2      | Reached skill level 1 in Shields
  1477 | D:2      | Reached skill level 1 in Unarmed Combat
  1477 | D:2      | Reached skill level 1 in Spellcasting
  1676 | D:2      | Reached XP level 4. HP: 39/41 MP: 5/5
  2089 | D:2      | Reached skill level 1 in Conjurations
  2089 | D:2      | Reached skill level 1 in Hexes
  2089 | D:2      | Reached skill level 1 in Summonings
  2089 | D:2      | Reached skill level 1 in Necromancy
  2089 | D:2      | Reached skill level 1 in Translocations
  2089 | D:2      | Reached skill level 1 in Transmutations
  2089 | D:2      | Reached skill level 1 in Fire Magic
  2089 | D:2      | Reached skill level 1 in Ice Magic
  2089 | D:2      | Reached skill level 1 in Air Magic
  2089 | D:2      | Reached skill level 1 in Earth Magic
  2089 | D:2      | Reached skill level 1 in Poison Magic
  2572 | D:3      | Noticed Terence
  2610 | D:3      | Killed Terence
  2611 | D:3      | Reached XP level 5. HP: 38/47 MP: 5/7
  2747 | D:3      | Noticed Jessica
  2769 | D:3      | Killed Jessica
  2813 | D:3      | Found a shimmering blue altar of Sif Muna.
  2876 | D:3      | Found a hide-covered altar of Uskayaw.
  3658 | D:4      | Noticed an ogre
  3673 | D:4      | Killed an ogre
  3674 | D:4      | Reached XP level 6. HP: 53/53 MP: 8/8
  3886 | D:4      | Found a transporter.
  3971 | D:4      | Found a transporter.
  4125 | D:4      | Noticed a necrophage
  4185 | D:4      | Killed a necrophage
  4186 | D:4      | Reached XP level 7. HP: 34/59 MP: 10/10
  5163 | D:4      | Found a blossoming altar of Fedhas.
  5166 | D:4      | Identified the +6 mace "Loloap" {speed, rC+}
  5168 | D:4      | Identified the +5 ring mail "Lape" {Rampage}
  5518 | D:5      | Entered Level 5 of the Dungeon
  5828 | D:5      | Found a glowing drain.
  5837 | D:5      | Reached XP level 8. HP: 63/67 MP: 12/12
  5863 | Sewer    | Entered a sewer
  6389 | D:5      | Noticed Grinder
  6390 | D:5      | Paralysed by Grinder for 7 turns
  6404 | D:5      | Killed Grinder
  6423 | D:5      | Noticed Prince Ribbit
  6537 | D:5      | Killed Prince Ribbit
  6964 | D:6      | Reached XP level 9. HP: 70/72 MP: 14/14
  7436 | D:6      | Found a staircase to the Ecumenical Temple.
  7513 | Temple   | Entered the Ecumenical Temple
  7575 | Temple   | Became a worshipper of Cheibriados the Contemplative
  7590 | Temple   | Identified a scroll of acquirement
  7590 | Temple   | Acquired the +9 fustibalus of Satyriasis {flame, Dex+3}
  7792 | D:6      | Reached skill level 5 in Throwing
  7792 | D:6      | Reached skill level 5 in Dodging
  7792 | D:6      | Reached skill level 5 in Evocations
  7922 | D:6      | Found an ornate altar of the Wu Jian Council.
  7962 | D:6      | Found a transporter.
  7971 | D:6      | Noticed yellowboar's ghost (novice DECj)
  7981 | D:6      | Found a transporter.
  8591 | D:7      | Reached skill level 5 in Stealth
  8702 | D:7      | Reached skill level 5 in Invocations
  8729 | D:7      | Found a shadowy altar of Dithmenos.
  8851 | D:7      | Reached * piety under Cheibriados
  8852 | D:7      | Found a sparkling altar of Nemelex Xobeh.
  8880 | D:7      | Noticed Maggie
  8892 | D:7      | Killed Maggie
  9058 | D:7      | Noticed Menkaure
  9061 | D:7      | Reached XP level 10. HP: 80/80 MP: 17/17
  9071 | D:7      | Killed Menkaure
  9313 | D:7      | Reached skill level 5 in Short Blades
  9313 | D:7      | Reached skill level 5 in Long Blades
  9313 | D:7      | Reached skill level 5 in Axes
  9313 | D:7      | Reached skill level 5 in Maces & Flails
  9313 | D:7      | Reached skill level 5 in Polearms
  9313 | D:7      | Reached skill level 5 in Staves
  9313 | D:7      | Reached skill level 5 in Slings
  9313 | D:7      | Reached skill level 5 in Bows
  9313 | D:7      | Reached skill level 5 in Crossbows
  9313 | D:7      | Reached skill level 5 in Shields
  9313 | D:7      | Reached skill level 5 in Unarmed Combat
  9313 | D:7      | Reached skill level 5 in Spellcasting
 10085 | D:8      | Reached ** piety under Cheibriados
 10113 | D:8      | Noticed Grum
 10117 | D:8      | Killed Grum
 10367 | D:8      | Found a radiant altar of Vehumet.
 10717 | D:9      | Got the Papyrus of the Vitriolic Voyage
 10724 | D:9      | Learned a level 3 spell: Portal Projectile
 10730 | D:9      | Found a flagged portal.
 10739 | Bailey   | Entered a bailey
 11362 | Bailey   | Acquired the +1 pair of boots of Uwnarghen {Harm Regen+
                  | Int+6 Dex-3}
 11374 | Bailey   | Noticed an orc knight
 11504 | D:9      | Reached *** piety under Cheibriados
 11539 | D:9      | Reached XP level 11. HP: 76/87 MP: 19/19
 11596 | D:9      | Reached skill level 5 in Conjurations
 11596 | D:9      | Reached skill level 5 in Hexes
 11596 | D:9      | Reached skill level 5 in Summonings
 11596 | D:9      | Reached skill level 5 in Necromancy
 11596 | D:9      | Reached skill level 5 in Translocations
 11596 | D:9      | Reached skill level 5 in Transmutations
 11596 | D:9      | Reached skill level 5 in Fire Magic
 11596 | D:9      | Reached skill level 5 in Ice Magic
 11596 | D:9      | Reached skill level 5 in Air Magic
 11596 | D:9      | Reached skill level 5 in Earth Magic
 11596 | D:9      | Reached skill level 5 in Poison Magic
 11652 | D:9      | Found a staircase to the Lair.
 12012 | D:9      | Found a stormy altar of Qazlal.
 12101 | D:10     | Entered Level 10 of the Dungeon
 12101 | D:10     | Found Roetead's Antique Armour Boutique.
 12101 | D:10     | Found Ycsaodir's Armour Emporium.
 12196 | D:10     | Learned a level 4 spell: Dispel Undead
 12201 | D:10     | Learned a level 4 spell: Summon Ice Beast
 12205 | D:10     | Found an opulent altar of Gozag.
 12454 | D:10     | Found Burrexun's Distillery.
 12588 | D:10     | Found a portal to a secret trove of treasure.
 12643 | D:10     | Identified the +2 robe of Ru's Benevolence {+Blink rF+
                  | SInv}
 12697 | D:10     | Found Cekuthir's Distillery.
 12792 | D:10     | Found a burning altar of Makhleb.
 13080 | D:11     | Reached **** piety under Cheibriados
 13163 | D:11     | Noticed a cyan ugly thing
 13166 | D:11     | Killed a cyan ugly thing
 13818 | D:12     | Noticed Snorg
 13827 | D:12     | Killed Snorg
 14034 | D:12     | Noticed Urug
 14044 | D:12     | Killed Urug
 14063 | D:12     | Reached XP level 12. HP: 44/96 MP: 16/22
 14088 | D:12     | Reached ***** piety under Cheibriados
 14133 | D:12     | Found a staircase to the Orcish Mines.
 14211 | D:12     | Noticed Josephine
 14218 | D:12     | Killed Josephine
 14684 | D:13     | Noticed a five-headed hydra
 14686 | D:13     | Killed a five-headed hydra
 14707 | D:13     | Noticed a two-headed ogre
 14710 | D:13     | Killed a two-headed ogre
 15043 | D:13     | Reached skill level 10 in Fighting
 15043 | D:13     | Reached skill level 10 in Armour
 15105 | D:13     | Noticed a five-headed hydra
 15106 | D:13     | Noticed a centaur warrior
 15349 | Lair:1   | Entered Level 1 of the Lair of Beasts
 15352 | Lair:1   | Noticed a seven-headed hydra
 15355 | Lair:1   | Killed a seven-headed hydra
 15547 | Lair:1   | Identified the +0 kite shield of Niluvaf {Contam rPois
                  | Will+ Int+3}
 15562 | Lair:1   | Noticed Harold
 15567 | Lair:1   | Killed Harold
 15718 | Lair:1   | Reached XP level 13. HP: 103/103 MP: 24/24
 16534 | Lair:2   | Noticed Erica
 16538 | Lair:2   | Killed Erica
 16625 | Lair:2   | Reached ****** piety under Cheibriados
 17059 | Lair:2   | You fall into a shaft and drop 2 floors!
 17314 | Lair:4   | Found a runed translucent door.
 17314 | Lair:4   | Noticed Lesmeliq's ghost (journeyman HuWn)
 17345 | Lair:4   | Found a staircase to the Swamp.
 17542 | Lair:4   | Found a staircase to the Snake Pit.
 18227 | Lair:5   | Found a staircase to the Slime Pits.
 18771 | Lair:6   | Entered Level 6 of the Lair of Beasts
 18777 | Lair:6   | Reached XP level 14. HP: 111/111 MP: 26/26
 18873 | Lair:6   | Noticed Sonja
 18874 | Lair:6   | Killed Sonja
 19322 | Lair:6   | Reached skill level 10 in Invocations
 19829 | Lair:3   | Found a blossoming altar of Fedhas.
 19880 | Lair:3   | You fall into a shaft and drop 1 floor!
 19995 | Lair:3   | You fall into a shaft and drop 2 floors!
 20096 | Lair:3   | Found a basalt altar of Yredelemnul.
 20128 | Lair:3   | Noticed Nergalle
 20155 | Lair:3   | Killed Nergalle
 21194 | Lair:6   | Reached skill level 10 in Throwing
 21194 | Lair:6   | Reached skill level 10 in Dodging
 21194 | Lair:6   | Reached skill level 10 in Evocations
 21306 | Lair:6   | Reached skill level 10 in Stealth
 21308 | Lair:6   | Reached XP level 15. HP: 56/119 MP: 28/28
 21963 | Orc:1    | Entered Level 1 of the Orcish Mines
 22429 | Orc:2    | Entered Level 2 of the Orcish Mines
 22460 | Orc:2    | Found a staircase to the Elven Halls.
 22559 | Orc:2    | Found Adar's Magic Scroll Shop.
 22636 | Orc:2    | Found Quextoyr's Self-Improvement Boutique.
 23218 | Orc:2    | Paralysed by an orc sorcerer for 7 turns
 23318 | Orc:2    | Reached skill level 10 in Short Blades
 23318 | Orc:2    | Reached skill level 10 in Long Blades
 23318 | Orc:2    | Reached skill level 10 in Axes
 23318 | Orc:2    | Reached skill level 10 in Maces & Flails
 23318 | Orc:2    | Reached skill level 10 in Polearms
 23318 | Orc:2    | Reached skill level 10 in Staves
 23318 | Orc:2    | Reached skill level 10 in Slings
 23318 | Orc:2    | Reached skill level 10 in Bows
 23318 | Orc:2    | Reached skill level 10 in Crossbows
 23318 | Orc:2    | Reached skill level 10 in Shields
 23318 | Orc:2    | Reached skill level 10 in Unarmed Combat
 23318 | Orc:2    | Reached skill level 10 in Spellcasting
 23430 | Orc:2    | Found Jajocyn's Antique Armour Boutique.
 23430 | Orc:2    | Found Geh Ucam's Jewellery Boutique.
 23432 | Orc:2    | Found Kerghofek's Weapon Emporium.
 23432 | Orc:2    | Found Gaduth's Jewellery Emporium.
 23457 | Orc:2    | Bought a pair of ichor-stained gloves for 389 gold pieces
 23457 | Orc:2    | Identified the +0 pair of gloves "Aceprorch" {+Blink MP+9}
                  | (You bought it in a shop on level 2 of the Orcish Mines)
 23462 | Orc:2    | Bought a jewelled scale mail for 369 gold pieces
 23462 | Orc:2    | Identified the +2 scale mail of the Cockatrice {Int+4} (You
                  | bought it in a shop on level 2 of the Orcish Mines)
 23758 | D:13     | Learned a level 6 spell: Summon Cactus Giant
 24401 | D:13     | Found a gate to the Vaults.
 24643 | D:14     | Found an ancient bone altar of Kikubaaqudgha.
 24992 | D:14     | Found a glowing silver altar of Zin.
 24992 | D:14     | Noticed an angel
 25326 | D:15     | Entered Level 15 of the Dungeon
 25370 | D:15     | Found a shadowy altar of Dithmenos.
 25453 | D:15     | Reached XP level 16. HP: 127/127 MP: 30/30
 25678 | D:15     | Found a staircase to the Depths.
 26721 | Snake:1  | Entered Level 1 of the Snake Pit
 26796 | Snake:1  | Noticed Frances
 26804 | Snake:1  | Killed Frances
 27569 | Snake:1  | Reached XP level 17. HP: 31/135 MP: 30/32
 27744 | Snake:1  | Noticed Aizul
 27765 | Snake:1  | Killed Aizul
 27821 | Snake:1  | Found Xielot's Weapon Emporium.
 27835 | Snake:1  | Bought the +8 demon trident "Rift" {distort, reach+} for
                  | 1183 gold pieces
 27835 | Snake:1  | Found the +8 demon trident "Rift" {distort, reach+}
 27964 | Snake:1  | Learned a level 5 spell: Manifold Assault
 28716 | Snake:2  | Found Gireg's Assorted Antiques.
 28965 | Snake:2  | Noticed Asterion
 29185 | Snake:2  | Found a runed translucent door.
 29187 | Snake:2  | Noticed Spaninq's ghost (journeyman HOMo)
 29207 | Snake:2  | Banished Asterion
 30529 | Snake:3  | Reached skill level 10 in Conjurations
 30529 | Snake:3  | Reached skill level 10 in Hexes
 30529 | Snake:3  | Reached skill level 10 in Summonings
 30529 | Snake:3  | Reached skill level 10 in Necromancy
 30529 | Snake:3  | Reached skill level 10 in Translocations
 30529 | Snake:3  | Reached skill level 10 in Transmutations
 30529 | Snake:3  | Reached skill level 10 in Fire Magic
 30529 | Snake:3  | Reached skill level 10 in Ice Magic
 30529 | Snake:3  | Reached skill level 10 in Air Magic
 30529 | Snake:3  | Reached skill level 10 in Earth Magic
 30529 | Snake:3  | Reached skill level 10 in Poison Magic
 31633 | Snake:4  | Entered Level 4 of the Snake Pit
 31850 | Snake:4  | Reached XP level 18. HP: 143/143 MP: 33/33
 32492 | Snake:4  | Noticed a quicksilver dragon
 32492 | Snake:4  | Banished a quicksilver dragon
 32492 | Snake:4  | Noticed a quicksilver dragon
 32498 | Snake:4  | Banished a quicksilver dragon
 32654 | Snake:4  | Got a serpentine rune of Zot
 33434 | Orc:2    | Bought a manual of Fighting for 1040 gold pieces
 33696 | Swamp:1  | Entered Level 1 of the Swamp
 34343 | Swamp:1  | HP: 3/144 [eleionoma (15)]
 34343 | Swamp:1  | Demolished by a goliath frog

Illustrated notes

Levels and vault maps discovered:
D:1:      lemuel_arrival_room, layout_basic, hellmonk_ecumenical_altar_lost_god
D:2:      layout_loops_cross, corexii_item_surrounded_by_moat
D:3:      cheibrodos_old_hovel, layout_loops_ring, mainiacjoe_overflow_paths,
          led_sif_pool, uniq_terence, uniq_jessica
D:4:      gammafunk_cloud_chamber, layout_loops_ring, fedhas_ov_isle_minmay
D:5:      layout_basic, portal_sewer_entry_b, uniq_prince_ribbit1, uniq_grinder
D:6:      layout_rooms, mainiacjoe_overflow_alcove_2, temple_doors_e,
          gammafunk_ghost_arena, mrwooster_statue_mirror
D:7:      layout_basic, nemelex_xobeh_ov_fountains_minmay,
          mainiacjoe_overflow_cross_hatched, minmay_misc_feat_x, uniq_menkaure,
          uniq_crazy_yiuf_cottage, uniq_maggie
D:8:      layout_loops_ring, mainiacjoe_overflow_brackets, uniq_grum
D:9:      layout_rooms, general_overflow_altar, due_lair_maze_entry_diamond,
          enter_bailey_2
D:10:     layout_roguey, grunt_gozag_statues, marbit_many_paths, serial_shops,
          shop, kennysheep_mini_moat, shop, shop, nicolae_trove_entry_columns,
          minivault_5
D:11:     layout_irregular_city
D:12:     layout_irregular_city, erik_orc_4, uniq_snorg, uniq_urug,
          uniq_josephine
D:13:     layout_roguey, grunt_vaults_entry_tiered, hangedman_cracks_in_the_wall
D:14:     layout_irregular_city, zin_angel, nicolae_kikubaaqudgha_miasma_corner
D:15:     grunt_enter_depths_giant_problem, layout_basic, grunt_dithmenos_smoke
Temple:   minmay_temple_bridge_abc
Lair:1:   layout_small_grid, kennysheep_abandoned_house, uniq_harold
Lair:2:   layout_misc_corridors, beast_lair_carwin_2, infiniplex_staircase_pool,
          uniq_erica
Lair:3:   layout_regular_city, basic_altar, lemuel_oklob_altar, uniq_nergalle
Lair:4:   layout_gridlike, minmay_swamp_entry_wisps, dummy_snake_entry,
          hellmonk_ghost_happy_afterlife
Lair:5:   layout_roguey, minmay_slime_entry_jelly_boxes, lemuel_old_faithful
Lair:6:   evilmike_catoblepas_cave, layout_misc_corridors, st_stairs_3,
          serial_bayou_shore_a, uniq_sonja
Swamp:1:  layout_falls_marsh, nicolae_swamp_tree_designs
Snake:1:  nicolae_snake_crotalidae_crossing, layout_onion_interference,
          serial_shops, nicolae_diamond_shop,
          nicolae_snake_herptile_family_reunion, uniq_frances, uniq_aizul
Snake:2:  layout_concentric_octagons, serial_shops, shop,
          ebering_ghost_inner_flame, uniq_asterion
Snake:3:  nicolae_snake_shooting_gallery, layout_chambers, drop_trap
Snake:4:  hellmonk_snake_rune_quicksilver_temple, layout_cave_town
Orc:1:    layout_caves, roderic_batcave, sword_in_stone
Orc:2:    st_orc_elflike, layout_diamond_mine, serial_shops, shop,
          nicolae_shop_self_help

Skill      XL: |  1  2  3  4  5  6  7  8  9 10 11 12 13 14 15 16 17 18 |
---------------+-------------------------------------------------------+-----
Invocations    | 1 2 3 4 5 6 7 8 9 10 11 12 13 | 13.1
Short Blades   | 1 2 3 4 5 6 7 8 9 10 11 12 | 12.2
Long Blades    | 1 2 3 4 5 6 7 8 9 10 11 12 | 12.2
Axes           | 1 2 3 4 5 6 7 8 9 10 11 12 | 12.2
Maces & Flails | 1 2 3 4 5 6 7 8 9 10 11 12 | 12.2
Polearms       | 1 2 3 4 5 6 7 8 9 10 11 12 | 12.2
Staves         | 1 2 3 4 5 6 7 8 9 10 11 12 | 12.2
Slings         | 1 2 3 4 5 6 7 8 9 10 11 12 | 12.2
Bows           | 1 2 3 4 5 6 7 8 9 10 11 12 | 12.2
Crossbows      | 1 2 3 4 5 6 7 8 9 10 11 12 | 12.2
Shields        | 1 2 3 4 5 6 7 8 9 10 11 12 | 12.2
Unarmed Combat | 1 2 3 4 5 6 7 8 9 10 11 12 | 12.2
Spellcasting   | 1 2 3 4 5 6 7 8 9 10 11 12 | 12.2
Conjurations   | 1 2 3 4 5 6 7 8 9 10 | 10.4
Hexes          | 1 2 3 4 5 6 7 8 9 10 | 10.4
Summonings     | 1 2 3 4 5 6 7 8 9 10 | 10.4
Necromancy     | 1 2 3 4 5 6 7 8 9 10 | 10.4
Translocations | 1 2 3 4 5 6 7 8 9 10 | 10.4
Transmutations | 1 2 3 4 5 6 7 8 9 10 | 10.4
Fire Magic     | 1 2 3 4 5 6 7 8 9 10 | 10.4
Ice Magic      | 1 2 3 4 5 6 7 8 9 10 | 10.4
Air Magic      | 1 2 3 4 5 6 7 8 9 10 | 10.4
Earth Magic    | 1 2 3 4 5 6 7 8 9 10 | 10.4
Poison Magic   | 1 2 3 4 5 6 7 8 9 10 | 10.4
Throwing       | 3 4 5 6 7 8 9 10 11 12 | 12.4
Dodging        | 3 4 5 6 7 8 9 10 11 12 | 12.4
Evocations     | 3 4 5 6 7 8 9 10 11 12 | 12.4
Stealth        | 3 4 5 6 7 8 9 10 11 12 | 12.4
Fighting       | 7 8 9 10 11 12 13 | 13.6
Armour         | 7 8 9 10 11 12 13 | 13.5

Action                   |  1- 3 |  4- 6 |  7- 9 | 10-12 | 13-15 | 16-18 || total
-------------------------+-------+-------+-------+-------+-------+-------++-------
Melee: Dagger            |   142 |   446 |    71 |       |       |       ||   659
       Bite              |     8 |    48 |    46 |       |       |    23 ||   125
       Punch             |       |     2 |     7 |       |       |       ||     9
       Rapier            |       |       |   253 |       |       |       ||   253
       Morningstar       |       |       |    12 |       |       |       ||    12
       Fustibalus        |       |       |       |       |     1 |       ||     1
       Demon trident     |       |       |       |       |       |   485 ||   485
 Fire: Fustibalus        |       |       |    61 |   501 |  1092 |   319 ||  1973
Throw: Dart              |     2 |    15 |    21 |       |       |       ||    38
       Javelin           |       |       |     3 |       |    12 |       ||    15
 Cast: Summon Ice Beast  |       |       |       |     3 |     4 |     7 ||    14
       Summon Cactus Gia |       |       |       |       |     6 |    20 ||    26
       Manifold Assault  |       |       |       |       |       |   137 ||   137
Invok: Bend Time         |       |       |       |     1 |     1 |       ||     2
       Step From Time    |       |       |       |     1 |       |     1 ||     2
       Slouch            |       |       |       |       |     7 |     1 ||     8
Evoke: Wand              |       |       |    10 |       |       |     6 ||    16
  Use: Scroll            |       |     6 |     7 |     6 |    11 |     3 ||    33
       Potion            |       |       |     2 |       |     4 |     2 ||     8
 Stab: Sleeping          |     6 |     3 |     5 |       |       |     9 ||    23
       Distracted        |       |       |       |       |       |     1 ||     1
Armor: Robe              |    27 |    14 |       |       |       |       ||    41
       Scale mail        |       |    94 |    41 |   194 |   193 |    85 ||   607
       Ring mail         |       |       |   100 |       |       |       ||   100
Dodge: Dodged            |    74 |   146 |   175 |   259 |   373 |   225 ||  1252
Block: Kite shield       |       |       |       |     2 |   435 |   262 ||   699

Table legend: (Time is in decaauts)
 A = Elapsed time spent in this place.
 B = Non-inter-level travel time spent in this place.
 C = Inter-level travel time spent in this place.
 D = Time resting spent in this place.
 E = Time spent auto-exploring this place.
 F = Levels seen in this place.
 G = Mean time per level.
                   A        B        C        D        E       F      G
               +--------+--------+--------+--------+--------+-----+--------+
         Total |  49132 |  44712 |   4420 |   1043 |  36654 |  31 | 1584.9 |
       Dungeon |  22534 |  20454 |   2080 |    499 |  16546 |  15 | 1502.3 |
        Temple |    104 |     78 |     26 |      0 |     49 |   1 |  104.0 |
          Lair |  11826 |  10269 |   1557 |    247 |   8571 |   6 | 1971.0 |
         Swamp |    771 |    771 |      0 |      0 |    673 |   1 |  771.0 |
     Snake Pit |   9559 |   9311 |    248 |    297 |   7730 |   4 | 2389.8 |
  Orcish Mines |   3208 |   2702 |    506 |      0 |   2214 |   2 | 1604.0 |
         Sewer |    433 |    433 |      0 |      0 |    296 |   1 |  433.0 |
        Bailey |    693 |    693 |      0 |      0 |    574 |   1 |  693.0 |
               +--------+--------+--------+--------+--------+-----+--------+

Top non-repeatable levels by time:
 Snake:3: 2808 daAuts
 Snake:1: 2640 daAuts
  Lair:1: 2389 daAuts
 Snake:4: 2319 daAuts
  Lair:6: 2293 daAuts
   Orc:2: 2256 daAuts
    D:13: 2196 daAuts
  Lair:4: 2182 daAuts
    D:15: 2023 daAuts
  Lair:3: 1820 daAuts
    D:10: 1813 daAuts
     D:4: 1797 daAuts
 Snake:2: 1790 daAuts
  Lair:5: 1763 daAuts
    D:12: 1607 daAuts
